 Dungeon Crawl Stone Soup version 0.21-a0-394-gdc75ea7 (webtiles) character file.

1451 Spoonicorn the Cleaver (level 8, -1/73 HPs)
             Began as a Minotaur Berserker on Oct 18, 2017.
             Was an Elder of Trog.
             Killed from afar by an electric eel (10 damage)
             ... with a bolt of electricity
             ... on level 6 of the Dungeon.
             The game lasted 00:23:22 (4762 turns).

Spoonicorn the Cleaver (Minotaur Berserker)         Turns: 4762, Time: 00:23:23

Health: -1/73      AC:  7    Str: 23    XL:     8   Next: 47%
Magic:  7/7        EV: 11    Int:  5    God:    Trog [****..]
Gold:   336        SH:  0    Dex: 10    Spells: 7/7 levels left

rFire    + . .     SeeInvis .   a - +1 hand axe
rCold    . . .     Gourm    .   (no shield)
rNeg     . . .     Faith    .   o - +1 ring mail {rF+}
rPois    .         Spirit   .   (helmet restricted)
rElec    .         Reflect  .   (no cloak)
rCorr    .         Harm     .   (no gloves)
MR       +....                  (no boots)
Stlth    +.........             (no amulet)
HPRegen  0.22/turn              (no ring)
MPRegen  0.10/turn              f - ring of protection from magic

@: no status effects
A: retaliatory headbutt, horns 2
a: Berserk, Trog's Hand, Brothers in Arms, Burn Spellbooks, Renounce Religion


You were on level 6 of the Dungeon.
You worshipped Trog.
Trog was greatly pleased with you.
You were near starving.

You visited 2 branches of the dungeon, and saw 8 of its levels.
You also visited: Sewer.

You collected 336 gold pieces.

Inventory:

Hand Weapons
 a - a +1 hand axe (weapon)
Armour
 o - a +1 ring mail of fire resistance (worn)
Jewellery
 d - an uncursed ring of resist corrosion
 f - a ring of protection from magic (right hand)
 u - an uncursed ring of fire
 D - an uncursed ring of flight
Scrolls
 e - 4 scrolls of identify
 h - 4 scrolls of teleportation
 q - a scroll of fear {unknown}
 r - a scroll of magic mapping
 w - a scroll of recharging {unknown}
 x - a scroll of enchant armour {unknown}
 y - 4 scrolls of remove curse
Potions
 g - a potion of haste {unknown}
 i - a potion of lignification {unknown}
 j - a potion of resistance {unknown}
 m - a potion of berserk rage {unknown}
 n - 2 potions of heal wounds
 t - 5 potions of flight
 v - 2 potions of magic {unknown}
 z - a potion of degeneration {unknown}
 B - 5 potions of curing {unknown}
 C - a potion of brilliance {unknown}
Comestibles
 c - 3 bread rations
 k - 2 royal jellies
 p - a meat ration
 A - 8 fruits


   Skills:
 + Level 7.2 Fighting
 + Level 9.6 Axes
 + Level 6.1 Armour
 - Level 2.2 Dodging
 + Level 1.8 Stealth


You had 7 spell levels left.
You didn't know any spells.

Dungeon Overview and Level Annotations

Branches:
Dungeon (7/15)             Temple (1/1) D:4

Altars:
Elyvilon
Kikubaaqudgha
Okawaru
Trog
The Shining One


Innate Abilities, Weirdness & Mutations

You reflexively headbutt those who attack you in melee.
You have a pair of horns on your head.


Message History

* * * LOW HITPOINT WARNING * * *
You miss the electric eel. Your headbutt misses the electric eel.
The electric eel is heavily wounded.
You hit the plant but do no damage.
The electric eel shoots out a bolt of lightning at you!
The bolt of electricity hits you!
* * * LOW HITPOINT WARNING * * *
You hit the electric eel.
The electric eel is severely wounded.
You hit the plant but do no damage.
The quokka zombie bites something but does no damage.
You hit the electric eel but do no damage.
The electric eel is severely wounded.
You hit the plant but do no damage.
You hit the electric eel but do no damage.
The electric eel is severely wounded.
You hit the plant.
The electric eel shoots out a bolt of lightning at you!
The bolt of electricity hits you!
You die...

.###.# .###.##
.##...##
.8#.##.############
>...###.#.........#
....# ##..≈♣≈≈≈...#
.8### #.≈≈≈PP≈P≈♣♣#
.## #♣≈P≈≈P≈≈.≈≈♣##
#. ≈≈≈P≈PP≈≈@≈≈≈≈#
# .#P♣≈≈P≈≈;.P≈≈♣♣
##≈≈≈≈≈≈≈.≈≈≈≈♣
#♣≈≈≈≈≈≈.P≈P≈♣
♣♣♣♣≈≈≈.≈≈P≈≈♣
♣≈≈≈.≈≈P≈P♣
♣♣P≈.≈≈≈≈≈≈≈
♣≈≈.≈≈≈≈Z≈≈


You could see an electric eel and a quokka zombie.

Vanquished Creatures
  The ghost of DEFE the Insei, an amateur HuMo (Sewer)
  2 sky beasts (D:6)
  2 ogres
  3 big kobolds (Sewer)
  2 scorpions (D:5)
  A crimson imp (D:5)
  2 centaur zombies (D:5)
  2 hounds (D:5)
  A jelly (D:5)
  Natasha (thrice) (D:3)
  An iguana (D:2)
  An orc wizard (D:5)
  3 worker ants
  A howler monkey zombie (D:5)
  6 adders
  4 gnolls
  2 howler monkey skeletons
  2 river rats (Sewer)
  A shadow imp (D:5)
  2 oozes
  An adder skeleton (D:5)
  5 worms
  2 dart slugs (D:2)
  4 leopard geckos
  16 orcs
  6 ball pythons
  4 bats
  7 giant cockroaches
  3 goblins
  7 hobgoblins
  7 frilled lizards
  11 kobolds
  A leopard gecko zombie (D:5)
  12 rats
128 creatures vanquished.

Notes
Turn   | Place    | Note
-------+----------+-------------------------------------------
     0 | D:1      | Spoonicorn the Minotaur Berserker began the quest for the Orb.
     0 | D:1      | Reached XP level 1. HP: 19/19 MP: 0/0
   155 | D:1      | Reached XP level 2. HP: 7/27 MP: 1/1
   157 | D:1      | Reached skill level 4 in Axes
  1006 | D:1      | Reached XP level 3. HP: 34/34 MP: 2/2
  1264 | D:1      | Reached ** piety under Trog
  1421 | D:2      | Found a white marble altar of Elyvilon.
  1488 | D:2      | Found an iron altar of Okawaru.
  1488 | D:2      | Found a bloodstained altar of Trog.
  1793 | D:1      | Reached XP level 4. HP: 41/41 MP: 3/3
  1794 | D:1      | Reached skill level 5 in Axes
  2146 | D:3      | Reached skill level 5 in Fighting
  2230 | D:3      | Reached XP level 5. HP: 44/48 MP: 4/4
  2334 | D:3      | Reached *** piety under Trog
  2412 | D:3      | Noticed an ogre
  2420 | D:3      | Killed an ogre
  2420 | D:3      | Reached skill level 6 in Axes
  2420 | D:3      | Reached skill level 1 in Stealth
  2420 | D:3      | Reached XP level 6. HP: 47/56 MP: 5/5
  2618 | D:3      | Noticed Natasha
  2626 | D:3      | Killed Natasha
  2750 | D:3      | Noticed Natasha
  2756 | D:3      | Killed Natasha
  2772 | D:3      | Noticed Natasha
  2777 | D:3      | Killed Natasha
  2906 | D:4      | Found a glowing golden altar of the Shining One.
  3350 | D:4      | Found an ancient bone altar of Kikubaaqudgha.
  3423 | D:4      | Found a staircase to the Ecumenical Temple.
  3430 | Temple   | Entered the Ecumenical Temple
  3504 | D:5      | Entered Level 5 of the Dungeon
  3576 | D:5      | Reached skill level 7 in Axes
  3595 | D:5      | Reached XP level 7. HP: 61/61 MP: 6/6
  3632 | D:5      | Reached skill level 8 in Axes
  3652 | D:5      | Found a glowing drain.
  3680 | Sewer    | Entered a sewer
  3825 | Sewer    | Noticed DEFE's ghost (amateur HuMo)
  3840 | Sewer    | Killed DEFE's ghost
  3840 | Sewer    | Reached skill level 5 in Armour
  4285 | Sewer    | Reached **** piety under Trog
  4285 | Sewer    | Reached skill level 9 in Axes
  4285 | Sewer    | Reached XP level 8. HP: 70/71 MP: 7/7
  4698 | D:5      | You fall through a shaft for 2 floors!
  4762 | D:6      | Killed from afar by an electric eel

Vault maps used:
D:1:      dpeg_arrival_lava_altar
D:2:      gammafunk_temple_overflow_statue, elyvilon_altar_5,
          hangedman_decor_clover_reticule
D:3:      uniq_natasha
D:4:      tso_oasis_becter, kennysheep_mini_moat,
          minmay_temple_entry_enclosed_plants, first_bread
D:5:      portal_sewer_entry_a, kennysheep_generic_room_11
D:6:      nicolae_overflow_hidden_temple, eat_drink_and_be_merry_uskayaw,
          serial_shops, shop, st_stairs_6, serial_bayou_lagoon_b
D:7:      serial_shops, nicolae_shop_crystal, the_bakery,
          nicolae_underground_beach, uniq_duvessa
Temple:   minmay_temple_curvy_loop
Sewer:    sewer_co_15_rooms

Skill      XL: |  1  2  3  4  5  6  7  8 |
---------------+-------------------------+-----
Fighting       | 4 5 6 7 |  7.2
Axes           | 4 5 6 7 9 |  9.6
Armour         | 3 4 5 6 |  6.1
Stealth        | 1 |  1.8
Dodging        | |  2.2

Action                   |  1- 3 |  4- 6 |  7- 9 || total
-------------------------+-------+-------+-------++-------
Melee: Hand axe          |    86 |   102 |   204 ||   392
       Headbutt          |    12 |    13 |    36 ||    61
Invok: Berserk           |     3 |     2 |       ||     5
  Use: Scroll            |     3 |     2 |     5 ||    10
       Potion            |       |       |     1 ||     1
  Eat: Chunk             |     4 |     4 |     3 ||    11
       Bread ration      |       |     1 |       ||     1
Armor: Animal skin       |    11 |       |       ||    11
       Ring mail         |    15 |    30 |    63 ||   108
Dodge: Dodged            |    59 |    60 |    86 ||   205

Table legend:
 A = Spawn XP
 B = Non-spawn XP
 C = Spawn XP percentage of total XP
 D = Spawn monster count
 E = Non-spawn monster count
 F = Spawn count percentage of total count
 G = Total turns spent on level
                    A         B        C        D         E        F      G
               +---------+---------+-------+---------+---------+-------+---------
         Total |       0 |    2073 |   0.0 |       0 |     128 |   0.0 |  4762
               +---------+---------+-------+---------+---------+-------+---------
           D:1 |       0 |      87 |   0.0 |       0 |      26 |   0.0 |  1363
           D:2 |       0 |      69 |   0.0 |       0 |      10 |   0.0 |   772
           D:3 |       0 |     347 |   0.0 |       0 |      37 |   0.0 |   660
           D:4 |       0 |      28 |   0.0 |       0 |       3 |   0.0 |   707
           D:5 |       0 |     712 |   0.0 |       0 |      29 |   0.0 |   516
           D:6 |       0 |     251 |   0.0 |       0 |       2 |   0.0 |    58
         Sewer |       0 |     579 |   0.0 |       0 |      21 |   0.0 |   678
               +---------+---------+-------+---------+---------+-------+---------
